 Dungeon Crawl Stone Soup version 0.29.0-4-gdea44cf6ec (webtiles) character file.

Game seed: 16324373605964693209

99 qw the Chopper (level 4, 0/26 HPs)
             Began as a Tengu Warper on Aug 28, 2022.
             Slain by a gnoll
             ... wielding a +2 spear of freezing
             ... led by a gnoll sergeant
              (2 damage)
             ... on level 4 of the Dungeon.
             The game lasted 00:00:17 (3110 turns).

qw the Chopper (Tengu Warper)                       Turns: 3110, Time: 00:00:17

Health: 0/26       AC:  6    Str: 13    XL:     4   Next: 72%
Magic:  8/8        EV:  9    Int: 13    God:
Gold:   37         SH:  0    Dex: 14    Spells: 7/7 levels left

rFire   . . .      SeeInvis .   Y - +1 hand axe
rCold   . . .      Faith    .   (no shield)
rNeg    . . .      Spirit   .   f - +0 scale mail
rPois   .          Reflect  .   (helmet restricted)
rElec   .          Harm     .   (no cloak)
rCorr   .          Rampage  .   (no gloves)
Will    .....                   (boots unavailable)
Stlth   ..........              a - amulet of regeneration
HPRegen 0.88/turn               (no ring)
MPRegen 0.11/turn               (no ring)

@: no status effects
A: beak, talons 3
a: no special abilities


You were on level 4 of the Dungeon.
You visited 1 branch of the dungeon, and saw 4 of its levels.

You collected 133 gold pieces.
You spent 96 gold pieces at shops.


Innate Abilities, Weirdness & Mutations

You have a beak for a mouth.
You have claws for feet.


   Skills:
 - Level 2.0 Fighting
 + Level 5.2 Axes
 - Level 1.0 Throwing
 - Level 1.1 Armour
 - Level 2.1 Dodging
 - Level 2.0 Spellcasting
 - Level 2.4 Translocations


You had 7 spell levels left.
You didn't know any spells.
Your spell library contained the following spells:

 Spells                   Type           Power      Damage    Failure   Level
 Blink                    Tloc           14%        N/A       56%         2
 Gell's Gravitas          Tloc           7%         N/A       80%         3
 Lesser Beckoning         Tloc           7%         N/A       80%         3
 Teleport Other           Tloc           7%         N/A       80%         3
 Manifold Assault         Tloc           7%         N/A       100%        5

Inventory:

Hand Weapons
 g - a +0 mace
 Y - a +1 hand axe (weapon)
Armour
 f - a +0 scale mail (worn)
Jewellery
 a - an amulet of regeneration (around neck)
Scrolls
 b - 3 scrolls of teleportation
 e - a scroll of identify
Potions
 c - a potion of curing

Dungeon Overview and Level Annotations

Branches:
Dungeon (4/15)
 Temple: D:4-7

Altars:

Shops:
D:3 ?

Annotations:
D:4 Grinder


Message History

A goblin comes into view. It is wielding a +0 club.
The gnoll barely misses you.
A gnoll comes into view. It is wielding a +0 spear.
A gnoll sergeant comes into view. It is wielding a +0 spear.
The gnoll shouts!
The goblin shouts!
You hit the gnoll.
You kill the gnoll!
A gnoll comes into view. It is wielding a +0 club.
The gnoll closely misses you.
The gnoll shouts!
You hit the gnoll. You claw the gnoll, but do no damage.
The gnoll is moderately wounded.
A quokka comes into view.
The gnoll barely misses you. x2
You closely miss the gnoll.
The gnoll is moderately wounded.
You completely miss Grinder. The gnoll hits you with a +0 club.
The gnoll hits you from afar with a +2 spear of freezing.
The gnoll freezes you. Grinder barely misses you.
You hit the gnoll.
The gnoll is severely wounded.
You closely miss Grinder. The gnoll hits you but does no damage.
Grinder hits you.
A gnoll comes into view. It is wielding a +0 spear.
The gnoll closely misses you.
You barely miss the gnoll.
The gnoll is severely wounded.
You hit Grinder. Grinder gestures at you. Pain shoots through your body!
The gnoll hits you with a +0 club. The gnoll completely misses you.
The gnoll barely misses you. x2
You hit the gnoll.
You kill the gnoll!
You closely miss Grinder. Grinder hits you but does no damage.
The gnoll hits you from afar with a +0 spear!
The gnoll hits you but does no damage.
The gnoll hits you from afar with a +2 spear of freezing.
You die...

#.# #.# #.#
##.# #..#
#.## # #<##
...
#.5###gw..#
##.@.gg....
###ggr....
g.##.#. g##
.# ##


You could see Grinder, a gnoll sergeant, 5 gnolls, a dart slug, a quokka and a
goblin.

Vanquished Creatures
  2 gnolls (D:4)
  3 adders
  2 worms (D:2)
  2 dart slugs
  6 endoplasms
  4 hobgoblins
  4 jackals (D:1)
  7 kobolds
  3 quokkas (D:1)
  3 ball pythons
  4 bats
  2 frilled lizards
  5 goblins
  5 rats
52 creatures vanquished.

Notes
Turn   | Place    | Note
-------+----------+-------------------------------------------
     0 | D:1      | qw the Tengu Warper began the quest for the Orb.
     0 | D:1      | Reached XP level 1. HP: 12/12 MP: 4/4
     0 | D:1      | 0 ||| qw: Version: 0.1-a-89-g26bdef1
     0 | D:1      | 0 ||| qw: Game counter: 2204
     0 | D:1      | 0 ||| qw: Always use a shield: true
     0 | D:1      | 0 ||| qw: God list: Okawaru
     0 | D:1      | 0 ||| qw: Allow faded altars: false
     0 | D:1      | 0 ||| qw: Do Orc after D:15 true
     0 | D:1      | 0 ||| qw: Do second Lair branch before Depths: true
     0 | D:1      | 0 ||| qw: Lair rune preference: random
     0 | D:1      | 0 ||| qw: Plans: Normal
     0 | D:1      | 0 ||| PLANNING D:1-11
    21 | D:1      | 21 ||| Stepping ~*~*~tactically~*~*~ (hiding).
   118 | D:1      | Reached XP level 2. HP: 9/17 MP: 6/6
   282 | D:1      | Reached skill level 3 in Axes
   969 | D:1      | Reached XP level 3. HP: 20/21 MP: 7/7
  1326 | D:1      | Reached skill level 4 in Axes
  1446 | D:1      | 1446 ||| UPGRADING to +0 scale mail.
  1456 | D:1      | 1456 ||| DROPPING +0 leather armour.
  1457 | D:1      | 1457 ||| READING scroll labelled RYJAIDW QATEA.
  1458 | D:1      | 1458 ||| READING scroll labelled ITI QAAGHON.
  1459 | D:1      | 1459 ||| READING scroll labelled BARRIRYUHY.
  1463 | D:1      | 1463 ||| DROPPING scroll of blinking.
  1471 | D:2      | 1471 ||| STAIRDANCE
  1478 | D:2      | 1478 ||| STAIRDANCE
  1483 | D:2      | 1483 ||| STAIRDANCE
  1791 | D:2      | 1791 ||| Stepping ~*~*~tactically~*~*~ (stealth).
  1797 | D:2      | 1797 ||| FLEEEEING.
  1798 | D:2      | 1798 ||| FLEEEEING.
  1799 | D:2      | 1799 ||| FLEEEEING.
  1803 | D:2      | 1803 ||| Stepping ~*~*~tactically~*~*~ (stealth).
  1839 | D:2      | Reached XP level 4. HP: 26/26 MP: 8/8
  2384 | D:2      | 2384 ||| UPGRADING to amulet of regeneration.
  2389 | D:2      | 2389 ||| READING scroll labelled TIFRYRAC WOZURPH.
  2517 | D:3      | Identified the +0 robe of Paseixt {Regen+ Int+4}
  2540 | D:3      | Found Waic's Magic Scroll Shop.
  2543 | D:3      | 2543 ||| BUYING scroll of identify (24 gold).
  2543 | D:3      | Bought a scroll of identify for 24 gold pieces
  2543 | D:3      | 2543 ||| BUYING scroll of teleportation (36 gold).
  2543 | D:3      | Bought a scroll of teleportation for 36 gold pieces
  2543 | D:3      | 2543 ||| BUYING scroll of teleportation (36 gold).
  2543 | D:3      | Bought a scroll of teleportation for 36 gold pieces
  2553 | D:3      | Reached skill level 5 in Axes
  2811 | D:3      | Found a faded altar of an unknown god.
  3012 | D:3      | 3012 ||| READING scroll labelled MOZXIX VYLORIE.
  3013 | D:3      | 3013 ||| READING scroll labelled YSOYG AVUGO.
  3014 | D:3      | 3014 ||| READING 4 scrolls of identify.
  3014 | D:3      | 3014 ||| IDENTIFYING black potion
  3015 | D:3      | 3015 ||| READING 3 scrolls of identify.
  3015 | D:3      | 3015 ||| IDENTIFYING lumpy blue potion
  3016 | D:3      | 3016 ||| READING 2 scrolls of identify.
  3016 | D:3      | 3016 ||| IDENTIFYING clear potion
  3017 | D:3      | 3017 ||| DROPPING potion of berserk rage.
  3018 | D:3      | 3018 ||| DROPPING potion of ambrosia.
  3073 | D:4      | Noticed Grinder
  3075 | D:4      | Paralysed by Grinder for 3 turns
  3084 | D:4      | 3084 ||| FLEEEEING.
  3085 | D:4      | 3085 ||| FLEEEEING.
  3086 | D:4      | 3086 ||| FLEEEEING.
  3087 | D:4      | 3087 ||| FLEEEEING.
  3088 | D:4      | 3088 ||| FLEEEEING.
  3090 | D:4      | 3090 ||| STAIRDANCE
  3098 | D:4      | 3098 ||| Stepping ~*~*~tactically~*~*~ (stealth).
  3100 | D:4      | 3100 ||| Stepping ~*~*~tactically~*~*~ (stealth).
  3104 | D:4      | Noticed a gnoll sergeant
  3110 | D:4      | HP: 2/26 [gnoll/+0 spear[a gnoll sergeant] (7)]
  3110 | D:4      | Slain by a gnoll

Levels and vault maps discovered:
D:1:      minmay_arrival_glassed_features, layout_loops_ring,
          minmay_tetromino_t4
D:2:      cheibrodos_helix_gallery, layout_rooms
D:3:      layout_loops_ring, shapermc_ecumenical_altar_totnotflames,
          serial_shops, shop
D:4:      layout_rooms, nicolae_vehumet_radiance, uniq_grinder

Skill      XL: |  1  2  3  4 |
---------------+-------------+-----
Axes           | 3 4 5 |  5.2
Fighting       | |  2.0
Throwing       | |  1.0
Armour         | |  1.1
Dodging        | |  2.1
Spellcasting   | |  2.0
Translocations | |  2.4

Action                   |  1- 3 |  4- 6 || total
-------------------------+-------+-------++-------
Melee: Hand axe          |    93 |    38 ||   131
       Kick              |    19 |    10 ||    29
       Peck              |     9 |     5 ||    14
       Punch             |       |     1 ||     1
Throw: Boomerang         |     7 |       ||     7
  Use: Scroll            |     3 |     6 ||     9
Armor: Leather armour    |    13 |       ||    13
       Scale mail        |     9 |    17 ||    26
Dodge: Dodged            |    43 |    19 ||    62

Table legend:
 A = Non-vault XP
 B = Vault XP
 C = Vault XP percentage of total XP
 D = Non-vault monster count
 E = Vault monster count
 F = Vault count percentage of total count
                 A         B        C        D         E       F
            +---------+---------+-------+---------+---------+-------
      Total |     147 |       9 |   5.8 |      47 |       5 |   9.6
            +---------+---------+-------+---------+---------+-------
        D:1 |      43 |       6 |  12.2 |      25 |       3 |  10.7
        D:2 |      59 |       3 |   4.8 |      16 |       2 |  11.1
        D:3 |      17 |       0 |   0.0 |       4 |       0 |   0.0
        D:4 |      28 |       0 |   0.0 |       2 |       0 |   0.0
            +---------+---------+-------+---------+---------+-------
